Map: [ESL] Dragon Scales

Players

Astrea

  • Race: Protoss Protoss
  • League: Diamond

Reynor - Winner!

  • Race: Zerg Zerg

Event: IEM Katowice 2023

VOD

Have the link to the VOD?

Description

Time

  • Played on: Feb. 9, 2023, 9:35 a.m.
  • Length: 18:57

All games in this series

Show
View Real Time Build Order
Export as new Build Order

Astrea Protoss 

Build Orders: 1 Gate Expand, Mass Adepts 

Get SALT Encoding   

  12  0:00  Probe  
  13  0:12  Probe  
  14  0:17  Pylon  
  14  0:24  Probe (Chrono Boost)  
  16  0:36  Probe (Chrono Boost)  
  16  0:38  Gateway  
  16  0:43  Probe (Chrono Boost)  
  16  0:48  Assimilator  
  17  0:51  Probe  
  18  1:03  Probe  
  19  1:15  Probe  
  20  1:23  Nexus  
  20  1:29  Probe  
  21  1:36  Cybernetics Core  
  21  1:42  Assimilator  
  21  1:44  Probe  
  22  1:51  Pylon  
  22  1:56  Probe  
  23  2:09  Probe (Chrono Boost), Adept (Chrono Boost)  
  23  2:13  Warp Gate  
  26  2:18  Probe (Chrono Boost)  
  26  2:21  Twilight Council  
  27  2:23  Probe (Chrono Boost)  
  28  2:31  Adept (Chrono Boost)  
  28  2:35  Probe  
  28  2:36  Probe  
  32  2:47  Probe  
  32  2:48  Probe  
  32  2:49  Robotics Facility  
  34  3:00  Probe  
  34  3:05  Gateway  
  35  3:07  Gateway  
  35  3:10  Probe  
  36  3:13  Probe  
  36  3:15  Stalker  
  39  3:22  Gateway  
  39  3:23  Probe  
  40  3:28  Resonating Glaives (Chrono Boost)  
  40  3:35  Probe  
  40  3:37  Warp Prism  
  44  3:43  Pylon  
  44  3:45  Probe  
  44  3:49  Probe  
  45  3:59  Probe  
  45  4:01  Adept x3  
  45  4:02  Pylon  
  52  4:15  Probe  
  52  4:16  Pylon  
  53  4:21  Adept  
  53  4:22  Adept x3  
  61  4:28  Observer  
  62  4:43  Adept x3  
  68  4:45  Adept  
  68  4:48  Pylon  
  70  5:00  Nexus  
  70  5:04  Pylon  
  70  5:07  Probe  
  71  5:13  Adept x4  
  71  5:17  Probe, Immortal  
  71  5:19  Probe  
  71  5:20  Adept x3  
  73  5:29  Assimilator x2, Probe, Adept  
  73  5:31  Probe  
  75  5:35  Shield Battery  
  75  5:41  Probe  
  76  5:43  Probe  
  77  5:52  Robotics Bay  
  77  5:53  Probe  
  77  5:55  Probe  
  79  5:58  Adept x2  
  83  6:05  Probe  
  83  6:07  Probe  
  83  6:12  Immortal (Chrono Boost)  
  83  6:17  Probe x2  
  87  6:19  Probe  
  87  6:25  Adept x4  
  94  6:28  Pylon  
  94  6:29  Probe x2  
  94  6:31  Probe  
  99  6:41  Probe x2  
  99  6:44  Disruptor (Chrono Boost)  
  99  6:46  Probe  
  99  6:47  Pylon  
  105  6:53  Probe  
  106  6:54  Probe  
  106  6:58  Adept  
  106  7:01  Pylon, Assimilator  
  109  7:02  Assimilator  
  109  7:03  Forge  
  109  7:05  Probe  
  109  7:07  Pylon, Probe x2  
  112  7:11  Gateway x2, Blink  
  112  7:15  Pylon  
  112  7:17  Probe  
  112  7:19  Probe x2  
  115  7:29  Probe  
  112  7:33  Protoss Ground Weapons Level 1 (Chrono Boost)  
  112  7:34  Probe  
  112  7:36  Disruptor (Chrono Boost)  
  111  7:41  Stalker x4  
  122  7:46  Probe  
  123  7:52  Pylon x2  
  123  7:54  Shield Battery  
  123  7:59  Gateway, Photon Cannon  
  123  8:00  Shield Battery  
  123  8:03  Disruptor (Chrono Boost)  
  126  8:10  Stalker x5  
  136  8:15  Stalker  
  136  8:17  Pylon  
  138  8:31  Disruptor  
  137  8:37  Stalker x5  
  147  8:48  Nexus  
  141  9:04  Nexus, Disruptor (Chrono Boost)  
  141  9:06  Pylon  
  141  9:09  Charge (Chrono Boost)  
  142  9:10  Zealot x4  
  142  9:16  Pylon, Protoss Ground Weapons Level 2 (Chrono Boost)  
  150  9:17  Probe  
  150  9:18  Probe x2  
  150  9:20  Stalker x3  
  149  9:30  Probe x3  
  146  9:32  Templar Archives  
  146  9:36  Photon Cannon  
  146  9:40  Disruptor  
  146  9:42  Probe  
  150  9:46  Zealot x5  
  160  9:56  Probe  
  160  9:57  Assimilator, Probe x2  
  160  9:58  Assimilator  
  163  10:00  Photon Cannon  
  163  10:01  Shield Battery  
  160  10:13  Shield Battery  
  160  10:14  Photon Cannon x2  
  156  10:25  Stalker x6  
  151  10:29  Probe  
  151  10:30  Probe  
  151  10:32  Probe x2  
  141  10:41  Probe (Chrono Boost)  
  135  10:45  Probe (Chrono Boost)  
  135  10:48  Probe (Chrono Boost)  
  135  10:49  Probe (Chrono Boost)  
  123  10:50  High Templar x2  
  123  10:51  High Templar x4  
  123  10:53  Probe (Chrono Boost)  
  138  10:58  Probe (Chrono Boost)  
  138  10:59  Archon x2, Probe (Chrono Boost)  
  138  11:00  Archon  
  138  11:05  Observer (Chrono Boost)  
  138  11:06  Probe  
  138  11:07  Probe x2  
  142  11:15  Probe  
  143  11:18  Probe  
  143  11:19  Probe x2  
  146  11:25  High Templar x2  
  146  11:26  High Templar x2  
  146  11:27  Probe  
  146  11:29  Archon x2  
  146  11:30  Protoss Ground Weapons Level 3 (Chrono Boost), Probe  
  146  11:32  Probe x2  
  158  11:35  Zealot x3  
  148  11:58  Probe x3  
  148  11:59  Photon Cannon, Probe  
  148  12:01  Photon Cannon  
  152  12:04  High Templar x4  
  156  12:10  Archon  
  154  12:17  Archon  
  154  12:20  Probe  
  154  12:21  Probe x2  
  154  12:22  Stalker  
  142  12:24  Stalker x2  
  142  12:25  Probe  
  134  12:33  Probe x3  
  137  12:38  Probe  
  137  12:41  Cybernetics Core  
  138  12:45  Probe x3 (Chrono Boost)  
  138  12:50  Probe (Chrono Boost)  
  138  12:51  High Templar x4  
  145  12:57  Archon x2, Probe x3 (Chrono Boost)  
  148  13:02  Probe (Chrono Boost)  
  148  13:05  Probe x3 (Chrono Boost)  
  152  13:09  Disruptor  
  152  13:12  Probe  
  155  13:16  High Templar x2  
  155  13:17  Probe  
  161  13:20  Archon  
  161  13:30  Stalker x3  
  167  13:37  Zealot x2  
  171  13:45  Disruptor  
  172  13:59  Zealot x2  
  176  14:16  Zealot x3  
  176  14:17  Zealot x2, Probe  
  175  14:19  Probe  
  175  14:20  Probe  
  175  14:21  Probe  
  170  14:29  Disruptor (Chrono Boost)  
  170  14:30  High Templar x2, Probe  
  178  14:35  Probe x2  
  178  14:38  Archon, Photon Cannon  
  177  14:48  Zealot  
  177  14:49  Zealot x4  
  177  15:03  Probe x2  
  177  15:12  Pylon  
  171  15:14  Pylon  
  171  15:18  Pylon  
  171  15:19  Probe  
  140  15:25  Zealot x7  
  140  15:26  Disruptor  
  150  15:34  Probe  
  145  15:53  High Templar x5  
  145  15:54  High Templar, Zealot  
  159  15:58  Archon x3  
  159  15:59  Nexus  
  159  16:09  Disruptor  
  150  16:26  High Templar x5  
  150  16:27  High Templar  
  150  16:30  Archon x2  
  150  16:31  Archon  
  144  16:43  Probe  
  144  16:44  Pylon, Probe  
  144  16:45  Disruptor (Chrono Boost)  
  122  16:54  Probe  
  122  16:55  Probe  
  122  16:56  Probe  
  125  17:03  High Templar  
  125  17:04  High Templar x3  
  133  17:12  Probe, Disruptor (Chrono Boost)  
  132  17:25  Zealot  
  132  17:28  Archon  
  133  17:37  Zealot x2  
  129  17:44  Archon  
  129  17:45  Zealot  
Show
View Real Time Build Order
Export as new Build Order

Reynor Zerg - Winner!

Build Orders: Hatch First 

Get SALT Encoding   

  12  0:00  Drone  
  13  0:12  Overlord  
  13  0:16  Drone  
  14  0:30  Drone x2  
  16  0:44  Drone  
  17  0:52  Hatchery  
  17  0:54  Drone  
  17  0:57  Drone  
  18  1:08  Extractor  
  17  1:14  Spawning Pool  
  17  1:17  Drone  
  17  1:21  Drone  
  18  1:28  Drone  
  19  1:38  Drone  
  20  1:48  Overlord  
  20  2:00  Queen  
  22  2:04  Drone x2, Queen  
  26  2:11  Zergling x2  
  26  2:15  Zergling x2  
  28  2:21  Drone  
  29  2:25  Drone  
  30  2:30  Metabolic Boost  
  30  2:37  Hatchery  
  30  2:39  Drone  
  30  2:42  Drone  
  31  2:45  Zergling x2  
  31  2:50  Overlord  
  32  2:55  Queen  
  34  2:58  Drone  
  34  3:00  Drone  
  35  3:08  Queen  
  35  3:10  Drone  
  38  3:13  Overlord  
  38  3:17  Zergling x2  
  38  3:18  Drone  
  40  3:20  Drone  
  40  3:21  Drone  
  40  3:25  Drone  
  43  3:29  Overlord  
  43  3:34  Drone  
  43  3:36  Queen  
  43  3:41  Drone  
  47  3:45  Overlord  
  47  3:49  Drone  
  47  3:52  Drone  
  51  3:56  Drone x2  
  51  3:57  Drone x2  
  51  4:01  Roach Warren  
  51  4:02  Overlord  
  52  4:07  Drone x2  
  52  4:09  Extractor  
  52  4:15  Zergling x6  
  52  4:16  Zergling x4  
  57  4:18  Overlord  
  57  4:29  Overlord  
  57  4:40  Roach x5  
  57  4:41  Roach x2  
  57  4:43  Roach  
  73  4:46  Roach, Zergling x2  
  73  4:49  Zergling x4  
  78  4:54  Roach x2, Zergling x2  
  81  5:00  Overlord  
  81  5:05  Roach x2, Zergling x2  
  78  5:14  Spore Crawler  
  78  5:19  Drone x5  
  81  5:22  Drone x2  
  81  5:24  Drone  
  77  5:28  Drone  
  77  5:31  Drone  
  77  5:35  Drone  
  80  5:40  Spore Crawler  
  79  5:43  Lair  
  79  5:45  Drone  
  79  5:46  Drone  
  79  5:47  Drone  
  79  5:49  Drone  
  82  5:51  Drone  
  82  5:54  Drone x2  
  85  5:58  Drone, Evolution Chamber  
  85  6:01  Drone x2  
  87  6:07  Spore Crawler  
  87  6:09  Drone x2  
  86  6:12  Drone  
  86  6:14  Drone x3  
  86  6:17  Drone x2  
  91  6:19  Overlord  
  91  6:21  Drone  
  91  6:22  Drone  
  91  6:24  Drone  
  94  6:27  Zerg Melee Weapons Level 1  
  94  6:31  Drone x4  
  98  6:36  Overlord  
  98  6:40  Drone, Baneling Nest  
  98  6:42  Extractor  
  97  6:48  Drone x2  
  97  6:51  Overlord  
  97  6:53  Drone x2  
  101  6:54  Drone  
  101  6:59  Overseer  
  101  7:00  Hatchery  
  101  7:01  Glial Reconstitution  
  101  7:02  Drone x3  
  101  7:04  Extractor, Drone x2  
  101  7:05  Extractor  
  101  7:07  Roach x2  
  108  7:11  Overlord, Roach  
  108  7:13  Ravager  
  108  7:14  Roach x2  
  115  7:16  Overlord  
  115  7:25  Drone x5  
  115  7:31  Overlord  
  115  7:37  Overlord, Drone x3  
  117  7:38  Extractor  
  117  7:46  Zergling x14  
  117  7:50  Centrifugal Hooks  
  117  7:51  Drone x2  
  126  7:52  Drone  
  126  7:53  Zergling x2  
  130  7:58  Zergling x4  
  130  8:00  Zergling x2  
  130  8:03  Zergling x6  
  134  8:08  Overlord  
  136  8:12  Zergling x4  
  136  8:13  Zergling x6  
  136  8:15  Zergling x2  
  136  8:19  Overlord, Drone x2  
  142  8:21  Drone  
  142  8:22  Drone  
  142  8:23  Zerg Melee Weapons Level 2  
  142  8:26  Zergling x4  
  145  8:31  Drone  
  145  8:33  Baneling x14  
  144  8:36  Zergling x12  
  144  8:39  Spore Crawler  
  144  8:40  Drone x3  
  152  8:42  Zergling x2  
  152  8:44  Drone  
  152  8:47  Overlord  
  153  8:51  Zergling x2  
  153  8:52  Zergling x6  
  156  9:01  Drone x3  
  156  9:02  Zergling x6  
  155  9:03  Zergling x2  
  155  9:08  Zergling x8  
  159  9:13  Drone x2  
  159  9:16  Zergling x8  
  165  9:18  Zergling x6  
  165  9:23  Hatchery, Zergling x2  
  161  9:24  Zergling x4  
  161  9:27  Overseer  
  161  9:29  Overlord  
  161  9:31  Zergling x2  
  161  9:32  Zergling x4  
  163  9:38  Ravager  
  163  9:39  Ravager x2  
  163  9:44  Baneling x28  
  166  9:48  Zergling x16  
  172  9:53  Zergling x2  
  172  9:54  Zergling x12  
  172  9:58  Overlord  
  172  9:59  Infestation Pit  
  178  10:02  Zergling x8  
  178  10:04  Roach  
  178  10:07  Roach x3  
  183  10:08  Overlord  
  183  10:20  Zergling x18  
  189  10:25  Zergling x4  
  189  10:26  Zergling x8  
  183  10:35  Zergling x12  
  174  10:37  Hive  
  174  10:39  Zergling x2  
  174  10:40  Zergling x2  
  168  10:45  Zergling x8  
  168  10:48  Drone x2  
  168  10:50  Drone  
  168  10:56  Baneling x9  
  168  10:57  Baneling x13  
  169  10:58  Drone  
  169  11:00  Drone  
  169  11:01  Drone  
  172  11:04  Drone x2  
  172  11:09  Drone x4  
  178  11:11  Zergling x6  
  178  11:14  Ravager x4  
  178  11:16  Zerg Missile Weapons Level 1  
  185  11:22  Zergling x16  
  193  11:28  Zergling x12  
  199  11:32  Overlord  
  199  11:35  Baneling x10  
  195  11:43  Zergling x16  
  173  11:54  Drone x8  
  160  11:56  Roach x2  
  160  11:57  Roach, Zergling x4  
  160  11:59  Adrenal Glands  
  168  12:04  Roach x2, Zergling x2  
  168  12:08  Ravager x6  
  173  12:12  Zergling x8  
  179  12:21  Zergling x18  
  182  12:25  Zergling x2  
  182  12:30  Zergling x12  
  185  12:40  Baneling x3  
  185  12:41  Baneling x22  
  185  12:43  Zergling x10  
  188  12:47  Zergling x4  
  185  12:52  Zergling x10  
  185  12:55  Zergling x4  
  185  12:57  Baneling x11  
  192  13:00  Zergling x6  
  192  13:02  Queen  
  197  13:08  Zergling x6  
  197  13:10  Zergling x4  
  199  13:17  Baneling, Zergling x2  
  199  13:18  Baneling x12  
  177  13:35  Roach  
  177  13:36  Roach x8, Zergling x12  
  198  13:41  Zergling x2  
  198  13:45  Extractor, Spine Crawler  
  198  13:46  Spine Crawler  
  196  13:50  Zergling x6  
  197  14:04  Zergling x10  
  197  14:09  Zergling x2  
  199  14:10  Hatchery  
  190  14:22  Zergling x24  
  190  14:23  Zergling x20  
  196  14:33  Zerg Melee Weapons Level 3  
  196  14:34  Zergling x4  
  196  14:35  Zergling x4  
  199  14:43  Spire  
  191  14:53  Zergling x2  
  191  14:54  Zergling x14  
  192  15:08  Baneling x13  
  192  15:12  Zergling x24  
  192  15:13  Zergling x2  
  195  15:18  Roach x6  
  193  15:25  Roach x3, Zergling x4  
  198  15:33  Zergling x6  
  191  15:43  Baneling x10  
  191  15:44  Baneling x12  
  191  15:46  Zergling x10  
  196  15:52  Baneling x27  
  196  15:53  Zergling x6  
  196  15:54  Zergling x2  
  200  15:59  Extractor, Greater Spire  
  199  16:05  Zergling x6  
  190  16:19  Zergling x2  
  190  16:20  Zergling x16  
  192  16:36  Hatchery  
  182  16:41  Corruptor x2  
  182  16:45  Corruptor x4  
  186  16:59  Corruptor  
  184  17:09  Hatchery  
  184  17:13  Extractor x2, Brood Lord x2  
  185  17:19  Brood Lord  
  181  17:23  Zergling x18  
  181  17:25  Overlord  
  189  17:30  Brood Lord  
  189  17:32  Overlord  
  189  17:34  Zergling x2  
  189  17:35  Zergling x6  
  189  17:36  Brood Lord  
  192  17:44  Zergling x2  
  190  17:46  Zergling x4  
  190  17:47  Brood Lord  
  192  17:52  Zergling x2  
  192  17:56  Queen  
  189  17:59  Zergling x2  
  189  18:00  Zergling x2  
  188  18:05  Zergling x2  
  188  18:06  Zergling x4  
  188  18:09  Overlord  
  188  18:11  Overlord  
  188  18:17  Overlord  
  186  18:20  Overlord  
  186  18:27  Roach x3  
  192  18:31  Roach x4  

Tags
 
Add a new tag
Caveats
  • Supply blocks, unpowered buildings, or Contaminate may cause inaccurate times.
  • Supply counts are checked every 10 seconds.